 Dungeon Crawl Stone Soup version 0.20-a0-556-g892c87b (webtiles) character file.

882 seren the Cleaver (level 7, 0/62 HPs)
             Began as a Deep Dwarf Fighter on Feb 4, 2017.
             Slain by an ogre
             ... wielding a +0 giant club
              (17 damage)
             ... on level 6 of the Dungeon.
             The game lasted 00:24:20 (5245 turns).

seren the Cleaver (Deep Dwarf Fighter)              Turns: 5245, Time: 00:24:21

Health: 0/62       AC: 12    Str: 22    XL:     7   Next: 76%
Magic:  6/6        EV:  8    Int:  8    God:
Gold:   13         SH:  9    Dex: 12    Spells: 6/6 levels left

rFire    . . .     SeeInvis .   a - +0 war axe
rCold    . . .     Gourm    .   r - +2 ring mail {rPois}
rNeg     . . .     Faith    .   c - +0 shield
rPois    +         Spirit   .   v - +2 helmet
rElec    .         Reflect  .   (no cloak)
rCorr    .         Harm     .   (no gloves)
MR       +....                  z - +0 pair of boots
Stlth    +.........             (no amulet)
Regen    0.0/turn               (no ring)
                                (no ring)

@: non-regenerating
A: damage resistance, recharge devices, sense surroundings 1, slow regeneration
3
a: Heal Wounds


You were on level 6 of the Dungeon.
You were hungry.

You visited 2 branches of the dungeon, and saw 8 of its levels.

You collected 283 gold pieces.
You spent 270 gold pieces at shops.

Inventory:

Hand Weapons
 a - a +0 war axe (weapon)
Missiles
 m - 65 bolts
 s - 204 stones (quivered)
Armour
 b - a +0 scale mail
 c - a +0 shield (worn)
 h - a +0 large shield
 r - a +2 ring mail of poison resistance (worn)
 v - a +2 helmet (worn)
 z - a +0 pair of boots (worn)
Jewellery
 u - a +5 ring of intelligence {unknown}
Wands
 g - a wand of iceblast (5/15)
 y - a wand of polymorph (21/24)
Scrolls
 e - 3 scrolls of identify
 i - a scroll of enchant weapon {unknown}
 j - 4 scrolls of teleportation
 o - a scroll of summoning {unknown}
 p - a scroll of random uselessness {unknown}
 x - 2 scrolls of remove curse {unknown}
 A - a scroll of recharging {unknown}
 B - a scroll of blinking {unknown}
Potions
 d - 2 potions of might
 k - 2 potions of invisibility {unknown}
 l - 3 potions of curing {unknown}
 q - 2 potions of agility
 w - a potion of beneficial mutation {unknown}
Books
 C - a Young Poisoner's Handbook

   Spells                             Type                      Level
   a - Sting                          Conjuration/Poison           1
   b - Poisonous Vapours              Poison/Air                   2
   c - Mephitic Cloud                 Conjuration/Poison/Air       3
   d - Olgreb's Toxic Radiance        Poison                       4
   e - Venom Bolt                     Conjuration/Poison           5
Comestibles
 f - 3 bread rations
 n - 2 royal jellies
 t - 4 meat rations


   Skills:
 + Level 3.4 Fighting
 - Level 9.6 Axes
 - Level 3.2 Armour
 - Level 3.2 Shields


You had 6 spell levels left.
You didn't know any spells.

Dungeon Overview and Level Annotations

Branches:
Dungeon (7/15)             Temple (1/1) D:6

Altars:
Cheibriados
Dithmenos
Elyvilon
Fedhas
Gozag
Hepliaklqana
Kikubaaqudgha
Nemelex Xobeh
Okawaru
Qazlal
Sif Muna
Trog
Uskayaw
Vehumet
Xom
Yredelemnul
Zin
The Shining One

Shops:
D:6 [

Annotations:
D:2 Sigmund
D:3 finish goblin castle


Innate Abilities, Weirdness & Mutations

You are resistant to damage.
You can recharge devices by infusing magical energy.
You passively map a small area around you.
You do not regenerate.


Message History

The ogre is heavily wounded.
The ogre hits you with a giant club!
You barely miss the ogre.
The ogre is heavily wounded.
The ogre hits you with a giant club!
You are too injured to fight recklessly!
You are too injured to fight recklessly!
You hit the ogre.
The ogre is heavily wounded.
You completely miss the ogre.
The ogre is heavily wounded.
The ogre hits you with a giant club!
* * * LOW HITPOINT WARNING * * *
You hit the ogre but do no damage.
The ogre is heavily wounded.
You block the ogre's attack.
You hit the ogre.
The ogre is severely wounded.
The ogre hits you with a giant club!!
You die...

##.<.#.# ,* #.###.##
....##.# , #.......
###.##.# ,* #####.##
*##(##.# #* ** #.#
,......# #. , # #.#
*#...#** #. * ,.#* ,
#.# *.....# #.#####.#
####.# ......#*
#....#O# * #.##.##
........####...#@#
##..#.##
........'......##..#**
##......'
..........##....####
##....#.##
.......#..###[....#
##.##..#.##
.....*#....##.[..#
#.#####..#
#.#..##..#.##.####
#.##.....# #
#......#..#.#
#.##.##.##
##....##....#
##......# #....##.##.#
##...#.#


You could see an ogre.

Vanquished Creatures
  An ogre (Temple)
  2 phantoms
  A centaur (D:5)
  A wyvern zombie (D:6)
  2 howler monkeys
  An orc priest (D:5)
  2 orc wizards
  A centaur skeleton (D:4)
  A hound (D:5)
  5 adders
  5 gnolls (D:3)
  2 oozes
  An adder skeleton (D:5)
  2 worms
  A dart slug (D:1)
  4 leopard geckos
  22 orcs
  7 giant cockroaches
  21 goblins
  20 hobgoblins
  2 jackals (D:1)
  A quokka (D:6)
  A ball python (D:5)
  8 bats
  9 frilled lizards
  A goblin zombie (D:5)
  8 kobolds
  4 rats
  A rat zombie (D:5)
137 creatures vanquished.

Vanquished Creatures (others)
  A hobgoblin (D:3)
1 creature vanquished.

Grand Total: 138 creatures vanquished

Notes
Turn   | Place    | Note
-------+----------+-------------------------------------------
     0 | D:1      | seren the Deep Dwarf Fighter began the quest for the Orb.
     0 | D:1      | Reached XP level 1. HP: 20/20 MP: 1/1
   195 | D:1      | Reached skill level 3 in Axes
   195 | D:1      | Reached XP level 2. HP: 24/27 MP: 2/2
   734 | D:2      | Reached XP level 3. HP: 26/33 MP: 3/3
   742 | D:2      | Found a stormy altar of Qazlal.
   745 | D:2      | Found a blossoming altar of Fedhas.
   843 | D:2      | Reached skill level 4 in Axes
  1077 | D:2      | Noticed Sigmund
  1126 | D:2      | You fall through a shaft for 2 floors!
  1251 | D:3      | Reached XP level 4. HP: 32/40 MP: 4/4
  1282 | D:4      | Reached skill level 5 in Axes
  1353 | D:4      | Found an ancient bone altar of Kikubaaqudgha.
  1392 | D:5      | Entered Level 5 of the Dungeon
  1633 | D:4      | Reached XP level 5. HP: 41/46 MP: 5/5
  1649 | D:4      | Reached skill level 6 in Axes
  1822 | D:4      | Found a shadowy altar of Dithmenos.
  1832 | D:4      | Found a bloodstained altar of Trog.
  1873 | D:4      | Found a white marble altar of Elyvilon.
  1962 | D:4      | Found a snail-covered altar of Cheibriados.
  2205 | D:3      | Noticed a phantom
  2235 | D:3      | Killed a phantom
  2290 | D:3      | Reached XP level 6. HP: 38/55 MP: 6/6
  2291 | D:3      | Reached skill level 7 in Axes
  3190 | D:4      | Reached skill level 8 in Axes
  3427 | D:5      | Reached XP level 7. HP: 27/61 MP: 7/7
  4319 | D:5      | Reached skill level 9 in Axes
  4547 | D:6      | Found Waicaw's Armour Boutique.
  4551 | D:6      | Bought a +0 pair of boots for 54 gold pieces
  4651 | D:6      | Bought a +2 ring mail of poison resistance for 216 gold pieces
  4724 | D:6      | Found a radiant altar of Vehumet.
  4824 | D:6      | Found a staircase to the Ecumenical Temple.
  4833 | Temple   | Entered the Ecumenical Temple
  5245 | D:6      | Slain by an ogre

Vault maps used:
D:1:      ncdulo_lavacross
D:2:      grunt_temple_overflow_forces_of_nature,
          chequers_ecumenical_altar_simple, uniq_sigmund
D:3:      minmay_goblin_kobold_castle
D:4:      lemuel_round_altar, nicolae_overflow_quartered_altars, first_bread
D:5:      kennysheep_windowed_halls, enter_ossuary_4, bh_walls_and_bars
D:6:      marbit_many_paths, vehumet_crystals, temple_hall, serial_shops,
          nicolae_shop_behind_doors, minmay_misc_feat_x
D:7:      bloody_makhleb
Temple:   zaba_magenta_temple

Skill      XL: |  1  2  3  4  5  6  7 |
---------------+----------------------+-----
Axes           | 3 4 5 6 8 9 |  9.6
Fighting       | 3 |  3.4
Armour         | |  3.2
Shields        | |  3.2

Action                   |  1- 3 |  4- 6 |  7- 9 || total
-------------------------+-------+-------+-------++-------
Melee: War axe           |   153 |   213 |    68 ||   434
Throw: Stone             |       |    11 |     4 ||    15
 Abil: Heal Wounds       |     1 |     5 |     3 ||     9
  Use: Scroll            |       |     1 |     1 ||     2
  Eat: Chunk             |     1 |     7 |     6 ||    14
Armor: Scale mail        |    75 |    78 |     9 ||   162
       Ring mail         |       |       |     1 ||     1
Dodge: Dodged            |    46 |    78 |    15 ||   139
Block: Shield            |    88 |   139 |    25 ||   252
